 Dungeon Sprint DCSS version 0.32-a0-422-g28b100f618 (webtiles) character file.

Game seed: 8005336352173967577

132 adelrune the Ruffian (level 4, 0/48 HPs)
             Began as a Troll Fighter on Feb 21, 2024.
             Slain by an ogre
             ... wielding a +0 giant club
              (30 damage)
             ... in the Dungeon (Sprint IX: "|||||||||||||||||||||||||||||").
             The game lasted 00:00:20 (41 turns).

adelrune the Ruffian (Troll Fighter)                  Turns: 41, Time: 00:00:22

Health: 0/48       AC:  4    Str: 26    XL:     4   Next: 92%
Magic:  3/3        EV:  9    Int:  4    God:
Gold:   0          SH:  8    Dex:  9    Spells: 3/3 levels left

rFire   . .          .
                       - Unarmed
rCold   . . .        b - +0 kite shield
rNeg    . . .        a - +0 robe
rPois   .            (helmet restricted)
rElec   .            (no cloak)
rCorr   .            (gloves unavailable)
SInv    .            (boots unavailable)
Will    .....        (no amulet)
Stlth   +            (no ring)
HPRegen 1.08/turn    (no ring)
MPRegen 0.08/turn

%: no teleportation
@: no status effects
A: large, unfitting armour, claws 3, regeneration 1, shaggy fur 1, tough skin 1
a: no special abilities


You were in the Dungeon.
You visited 1 branch

Inventory:

Armour
 a - a +0 robe (worn)
 b - a +0 kite shield (worn)
Scrolls
 i - a scroll of blinking
Potions
 c - a potion of might
 d - a potion of curing
 e - a potion of heal wounds
 f - a potion of haste
 g - 2 potions of magic
 h - a potion of berserk rage


   Skills:
 + Level 4.1 Fighting
 + Level 3.1 Armour
 + Level 4.0 Dodging
 + Level 4.4 Shields
 * Level 6.0 Unarmed Combat


You had 3 spell levels left.
You didn't know any spells.
Your spell library was empty.

Dungeon Overview and Level Annotations

Branches:
Dungeon (1/1)

Altars:


Innate Abilities, Weirdness & Mutations

You are too large for most types of armour.
You have claws for hands.
Your natural rate of healing is unusually fast.
You are covered in fur. (AC +1)
You have tough skin. (AC +1)


Message History

The gnoll sergeant hits you with a +0 spear!
You scratch the gnoll sergeant but do no damage.
The gnoll sergeant is almost dead.
The gnoll sergeant hits you but does no damage.
You claw the gnoll sergeant!
You kill the gnoll sergeant!
Your Fighting skill increases to level 3!
Your Armour skill increases to level 2!
Your Dodging skill increases to level 3!
Your Unarmed Combat skill gained 2 levels and is now at level 5!
You have reached level 3!
Your experience leads to an increase in your attributes!
Increase (S)trength, (I)ntelligence, or (D)exterity?
You feel stronger. x3
You have reached level 4!
You closely miss the scorpion.
The scorpion stings you but does no damage.
You block the scorpion's attack.
You closely miss the scorpion. You block the scorpion's attack.
You claw the scorpion!
The scorpion is almost dead.
You block the scorpion's attack.
You completely miss the scorpion.
The scorpion is almost dead.
The scorpion stings you!
You barely miss the scorpion.
The scorpion is almost dead.
You block the scorpion's attack.
You claw the scorpion!
You kill the scorpion!
Your Fighting skill increases to level 4!
Your Armour skill increases to level 3!
Your Dodging skill increases to level 4!
Your Shields skill increases to level 4!
Your Unarmed Combat skill increases to level 6!
You claw the ogre!
The ogre is heavily wounded.
The ogre hits you with a +0 giant club!!
Ouch! That really hurt!
You die...

▓.▓
▓†▓
▓.▓
▓.▓
▓.▓
▓.▓
▓.▓
▓'▓
▓@▓
▓O▓
▓l▓
▓.▓
▓.▓
▓+▓


You could see an ogre and an iguana.

Vanquished Creatures
  A gnoll sergeant (D)
  A scorpion (D)
  An orc (D)
  A quokka (D)
  A ball python (D)
  3 bats (D)
8 creatures vanquished.

Notes
Turn   | Place    | Note
-------+----------+-------------------------------------------
     0 | D        | adelrune the Troll Fighter began the quest for the Orb.
     0 | D        | Reached XP level 1. HP: 22/22 MP: 0/0
    16 | D        | Reached skill level 1 in Armour
    18 | D        | Reached skill level 3 in Unarmed Combat
    18 | D        | Reached XP level 2. HP: 29/29 MP: 1/1
    24 | D        | Noticed a gnoll sergeant
    24 | D        | Noticed a scorpion
    24 | D        | Noticed an ogre
    34 | D        | Killed a gnoll sergeant
    35 | D        | Reached skill level 5 in Unarmed Combat
    35 | D        | Reached XP level 3. HP: 23/37 MP: 2/2
    35 | D        | Reached XP level 4. HP: 28/46 MP: 3/3
    40 | D        | Killed a scorpion
    41 | D        | Reached skill level 6 in Unarmed Combat
    41 | D        | Slain by an ogre

Illustrated notes

Levels and vault maps discovered:
D:        linesprint [early_d, line_temple, items_1, d_10, items_2, lair_1,
          lair_end, items_3, orc_1, orc_end, items_4, d_15, swamp_1, shoals_1,
          snake_1, spider_1, d_20, vaults_1, items_5, swamp_end, shoals_end,
          snake_end, spider_end, vaults_end, d_27, items_6, zot_1, zot_end,
          crypt_end, forest_end, elf_end, slime_end, tomb_end, abyss_end,
          pan_hell_end]

Skill      XL: |  1  2  3  4 |
---------------+-------------+-----
Armour         | 1 2 3 |  3.1
Shields        | 3 4 |  4.4
Unarmed Combat | 3 5 6 |  6.0
Fighting       | 3 4 |  4.1
Dodging        | 3 4 |  4.0

Action                     |  1- 3 |  4- 6 || total
---------------------------+-------+-------++-------
  Melee: Unarmed           |    22 |     7 ||    29
 Armour: Robe              |    10 |     3 ||    13
  Dodge: Dodged            |    13 |       ||    13
  Block: Kite shield       |     8 |     4 ||    12

Table legend: (Time is in decaauts)
 A = Elapsed time spent in this place.
 B = Non-inter-level travel time spent in this place.
 C = Inter-level travel time spent in this place.
 D = Time resting spent in this place.
 E = Time spent auto-exploring this place.
 F = Levels seen in this place.
 G = Mean time per level.
                   A        B        C        D        E       F      G
               +--------+--------+--------+--------+--------+-----+--------+
         Total |     42 |     42 |      0 |      0 |      0 |   1 |   42.0 |
       Dungeon |     42 |     42 |      0 |      0 |      0 |   1 |   42.0 |
               +--------+--------+--------+--------+--------+-----+--------+

Top non-repeatable levels by time:
       D: 42 daAuts
